Connexion

VANCOUVER Canucks vs DALLAS Stars

Created - 1 décembre 2023 at 05:52

Goals
1 2 3 T
VANCOUVER Canucks 3 1 0 4
DALLAS Stars 0 0 0 0
Shots
1 2 3 T
VANCOUVER Canucks 16 9 10 35
DALLAS Stars 7 7 6 20

GoalsPenalties
1st period
1. VANCOUVER Canucks , Devin Shore 11 (Nate Schmidt 35) at 2:36
2. VANCOUVER Canucks , Matt Duchene 20 (Jack Eichel 37) at 17:44 (PP)
3. VANCOUVER Canucks , Joel Eriksson EK 13 (Ben Chiarot 6) at 18:55
Tyler Bertuzzi (DAL) for Holding (Minor) at 0:27
Tomas Hertl (DAL) for Holding Stick (Minor) at 11:58
Vladislav Gavrikov (DAL) for High sticking (Minor) at 17:42
2nd period
4. VANCOUVER Canucks , Jack Eichel 22 (Vladimir Tarasenko 15) at 3:00 (PP)
Mathias Norlinder (DAL) for Tripping (Minor) at 1:34
Ben Chiarot (VAN) for Goalie Interference (Minor) at 6:28
3rd period
No Goal
Kevin Hayes (DAL) for Fighting (Major) at 1:13
Jack Eichel (VAN) for Fighting (Major) at 1:13
Anthony Beauvillier (DAL) for Cross-checking (Minor) at 13:47
Neal Pionk (DAL) for Hooking (Minor) at 19:50
Goalie Stats
Philipp Grubauer (VAN), 20 saves from 20 shots - (1,000), W, 8-6-1, 60:00 minutes
Joonas Korpisalo (DAL), 17 saves from 17 shots - (1,000), 37:00 minutes
Cam Talbot (DAL), 14 saves from 18 shots - (0,778), L, 3-2-1, 23:00 minutes
3 StarsOfficial
1 - Philipp Grubauer (VAN)
2 - Joel Eriksson EK (VAN)
3 - Devin Shore (VAN)
Referees : Justin StPierre and Chris Rooney
Linesman : David Brisebois and Ryan Galloway
Game Note
Joonas Korpisalo enters game at 3:00 of 2nd period
Kevin Hayes and Jack Eichel fight to a draw at 1:13 of 3rd period
Finance
Level 1 -- Attendance: 5552 (92,53%) -- Ticket Income $694,000
Level 2 -- Attendance: 5532 (100,00%) -- Ticket Income $414,900
Level 3 -- Attendance: 2000 (100,00%) -- Ticket Income $104,000
Level 4 -- Attendance: 4000 (100,00%) -- Ticket Income $144,000
Luxury Box -- Attendance: 1000 (100,00%) -- Ticket Income $245,000
Game was played at the American Airlines Center.
Total Attendance: 18084 (97,58%)
Total Ticket Income: $1,601,900
Other Income: $320,380
Total Income: $1,922,280



Team Name Goals Shots Shots Attemp Shots Blocked PIM HIT PP PK FO%
VANCOUVER Canucks 43563127192 / 6 (33%)052%
DALLAS Stars 02045317280 / 1 (0%)248%

VANCOUVER Canucks
Player Name POS G A P +/- PIM HIT SHT SB MP PP MP PP SHT PK MP PK SHT FO% FOT
Ben ChiarotD0112200020:583:5600:0000% 0
Casey MittelstadtC0001012019:483:5510:00060% 25
Devin ShoreC/LW/RW1011012010:050:0000:000100% 1
Jack EichelC1120506019:313:3910:00053% 34
Janne KuokkanenLW0001001012:480:0000:08050% 4
Joel Eriksson EKC/LW/RW1011036120:353:5520:4700% 3
Logan ShawC/RW000000107:050:0001:0400% 0
Matt DucheneC/LW1010027022:153:3920:0800% 0
Mattias EkholmD0000011513:390:0000:0000% 0
Michael RasmussenC0001010010:050:0000:00027% 15
Nate SchmidtD0110001124:233:3801:0000% 0
Ryan DzingelC/LW/RW0001002019:483:5500:0000% 0
Ryan PulockD0002030121:583:5600:5900% 0
Tobias BjornfotD0000000314:250:0000:4600% 0
Tomas NosekC/LW000001007:050:0001:0400% 1
Travis HamonicD0000032124:363:3821:1300% 0
Tyler AngleC000001206:010:0000:00075% 8
Vladimir TarasenkoRW0110022022:543:3900:47075% 4
DALLAS Stars
Player Name POS G A P +/- PIM HIT SHT SB MP PP MP PP SHT PK MP PK SHT FO% FOT
Anthony BeauvillierC/LW000-1211011:520:0001:08017% 6
Blake ComeauLW/RW000000006:510:0000:0000% 0
Darnell NurseD0000020024:000:5204:0300% 0
Dylan CozensC0000000023:120:5204:58047% 30
Johan LarssonC/LW/RW000-1032010:450:0000:000100% 1
Kevin HayesC/LW/RW000-1514014:111:0700:0000% 0
Mathias NorlinderD000-1200014:050:0000:0500% 0
Mikhail SergachevD0000001023:280:5203:3100% 0
Morgan FrostC000000006:510:0000:00033% 9
Neal PionkD000-1260121:531:0703:2600% 0
Nick LeddyD000-1021122:311:0714:0300% 0
Reilly SmithLW/RW000-1012019:121:0702:360100% 1
Sebastien AhoC/LW/RW0000024020:500:5202:36067% 3
Tanner JeannotLW/RW000001006:510:0000:0000% 0
Tomas HertlC/LW000-1222016:351:0700:00047% 19
Tyler BertuzziLW/RW0000241022:030:5203:50050% 10
Vladislav GavrikovD000-1211114:000:0000:0000% 0
William KarlssonC/LW000-1021013:090:0000:00063% 16



Play-by-Play

1st period


0:01 of 1st period - Dylan Cozens wins face-off versus Jack Eichel in neutral zone.
0:27 of 1st period - Minor Penalty to Tyler Bertuzzi for Holding.
0:28 of 1st period - Anthony Beauvillier wins face-off versus Casey Mittelstadt in DALLAS Stars zone.
0:47 of 1st period - Shot by Casey Mittelstadt.
0:47 of 1st period - Stopped by Cam Talbot without a rebound.
0:48 of 1st period - Sebastien Aho wins face-off versus Jack Eichel in DALLAS Stars zone.
1:27 of 1st period - Shot by Travis Hamonic.
1:27 of 1st period - Stopped by Cam Talbot without a rebound.
1:28 of 1st period - Casey Mittelstadt wins face-off versus Anthony Beauvillier in DALLAS Stars zone.
1:38 of 1st period - Joel Eriksson EK is hit by Neal Pionk and loses puck.
1:59 of 1st period - Icing by Ryan Pulock.
2:00 of 1st period - Casey Mittelstadt wins face-off versus Anthony Beauvillier in VANCOUVER Canucks zone.
2:00 of 1st period - Casey Mittelstadt is hit by Anthony Beauvillier.
2:06 of 1st period - Shot by Joel Eriksson EK.
2:06 of 1st period - Stopped by Cam Talbot without a rebound.
2:07 of 1st period - Jack Eichel wins face-off versus Anthony Beauvillier in DALLAS Stars zone.
2:08 of 1st period - Shot by Travis Hamonic.
2:08 of 1st period - Stopped by Cam Talbot without a rebound.
2:09 of 1st period - Jack Eichel wins face-off versus Anthony Beauvillier in DALLAS Stars zone.
2:36 of 1st period - Shot by Devin Shore.
2:36 of 1st period - Goal by Devin Shore - VANCOUVER Canucks : 1 - DALLAS Stars : 0.
2:37 of 1st period - Tomas Hertl wins face-off versus Casey Mittelstadt in neutral zone.
2:40 of 1st period - Shot by Nick Leddy.
2:40 of 1st period - Deflect By Kevin Hayes.
2:40 of 1st period - Shot Blocked by Joel Eriksson EK.
2:48 of 1st period - Shot by Reilly Smith.
2:48 of 1st period - Shot Misses the Net.
2:50 of 1st period - Shot by Reilly Smith.
2:50 of 1st period - Stopped by Philipp Grubauer with a rebound.
2:56 of 1st period - Shot by Tomas Hertl.
2:56 of 1st period - Stopped by Philipp Grubauer without a rebound.
2:57 of 1st period - Jack Eichel wins face-off versus Dylan Cozens in VANCOUVER Canucks zone.
3:13 of 1st period - Icing by Tyler Bertuzzi.
3:14 of 1st period - Dylan Cozens wins face-off versus Casey Mittelstadt in DALLAS Stars zone.
3:21 of 1st period - Shot by Mikhail Sergachev.
3:21 of 1st period - Shot Blocked by Tobias Bjornfot.
3:33 of 1st period - Casey Mittelstadt is hit by Tyler Bertuzzi and loses puck.
4:10 of 1st period - Off-side.
4:11 of 1st period - Vladimir Tarasenko wins face-off versus Tomas Hertl in neutral zone.
4:13 of 1st period - Nate Schmidt is hit by Neal Pionk and loses puck.
4:20 of 1st period - Shot by Matt Duchene.
4:20 of 1st period - Stopped by Cam Talbot without a rebound.
4:21 of 1st period - William Karlsson wins face-off versus Michael Rasmussen in DALLAS Stars zone.
4:33 of 1st period - Icing by Ben Chiarot.
4:34 of 1st period - Tomas Hertl wins face-off versus Michael Rasmussen in VANCOUVER Canucks zone.
4:37 of 1st period - Shot by Kevin Hayes.
4:37 of 1st period - Shot Misses the Net.
4:43 of 1st period - Shot by Kevin Hayes.
4:43 of 1st period - Stopped by Philipp Grubauer with a rebound.
5:16 of 1st period - Shot by Kevin Hayes.
5:16 of 1st period - Stopped by Philipp Grubauer without a rebound.
5:17 of 1st period - William Karlsson wins face-off versus Vladimir Tarasenko in VANCOUVER Canucks zone.
5:50 of 1st period - Shot by Matt Duchene.
5:50 of 1st period - Shot Blocked by Neal Pionk.
5:52 of 1st period - Shot by Matt Duchene.
5:52 of 1st period - Stopped by Cam Talbot without a rebound.
5:53 of 1st period - Tyler Angle wins face-off versus Dylan Cozens in DALLAS Stars zone.
7:06 of 1st period - Travis Hamonic is hit by Nick Leddy and loses puck.
7:13 of 1st period - Shot by Nate Schmidt.
7:13 of 1st period - Deflect By Jack Eichel.
7:13 of 1st period - Shot Misses the Net.
7:15 of 1st period - Shot by Matt Duchene.
7:15 of 1st period - Shot Misses the Net.
7:17 of 1st period - Shot by Jack Eichel.
7:17 of 1st period - Stopped by Cam Talbot without a rebound.
7:18 of 1st period - Morgan Frost wins face-off versus Casey Mittelstadt in DALLAS Stars zone.
7:47 of 1st period - Casey Mittelstadt is hit by Vladislav Gavrikov.
7:55 of 1st period - Shot by Casey Mittelstadt.
7:55 of 1st period - Stopped by Cam Talbot without a rebound.
7:56 of 1st period - Jack Eichel wins face-off versus Tomas Hertl in DALLAS Stars zone.
9:09 of 1st period - Off-side.
9:10 of 1st period - William Karlsson wins face-off versus Joel Eriksson EK in neutral zone.
9:10 of 1st period - William Karlsson is hit by Joel Eriksson EK.
9:54 of 1st period - Darnell Nurse is hit by Ryan Pulock and loses puck.
10:23 of 1st period - Shot by Janne Kuokkanen.
10:23 of 1st period - Shot Hit the Post.
11:06 of 1st period - Shot by Vladimir Tarasenko.
11:06 of 1st period - Shot Misses the Net.
11:08 of 1st period - Shot by Jack Eichel.
11:08 of 1st period - Stopped by Cam Talbot without a rebound.
11:09 of 1st period - Tomas Hertl wins face-off versus Tyler Angle in DALLAS Stars zone.
11:21 of 1st period - Shot by Nick Leddy.
11:21 of 1st period - Deflect By Kevin Hayes.
11:21 of 1st period - Stopped by Philipp Grubauer with a rebound.
11:40 of 1st period - Icing by Nick Leddy.
11:41 of 1st period - Jack Eichel wins face-off versus Tomas Hertl in DALLAS Stars zone.
11:46 of 1st period - Shot by Ryan Pulock.
11:46 of 1st period - Shot Misses the Net.
11:58 of 1st period - Minor Penalty to Tomas Hertl for Holding Stick.
11:59 of 1st period - Casey Mittelstadt wins face-off versus Tyler Bertuzzi in DALLAS Stars zone.
13:07 of 1st period - Darnell Nurse is hit by Vladimir Tarasenko and loses puck.
13:27 of 1st period - Shot by Ryan Pulock.
13:27 of 1st period - Shot Misses the Net.
13:29 of 1st period - Shot by Matt Duchene.
13:29 of 1st period - Stopped by Cam Talbot without a rebound.
13:30 of 1st period - Tyler Bertuzzi wins face-off versus Jack Eichel in DALLAS Stars zone.
13:47 of 1st period - Shot by Matt Duchene.
13:47 of 1st period - Shot Misses the Net.
14:21 of 1st period - Shot by Morgan Frost.
14:21 of 1st period - Shot Blocked by Mattias Ekholm.
15:01 of 1st period - Joel Eriksson EK is hit by Johan Larsson and loses puck.
15:19 of 1st period - Shot by Anthony Beauvillier.
15:19 of 1st period - Stopped by Philipp Grubauer without a rebound.
15:20 of 1st period - Jack Eichel wins face-off versus Tomas Hertl in VANCOUVER Canucks zone.
15:20 of 1st period - Jack Eichel is hit by Reilly Smith.
16:30 of 1st period - Shot by Ryan Dzingel.
16:30 of 1st period - Shot Misses the Net.
17:02 of 1st period - Shot by Logan Shaw.
17:02 of 1st period - Stopped by Cam Talbot without a rebound.
17:03 of 1st period - William Karlsson wins face-off versus Michael Rasmussen in DALLAS Stars zone.
17:07 of 1st period - Icing by Vladislav Gavrikov.
17:08 of 1st period - Tyler Angle wins face-off versus William Karlsson in DALLAS Stars zone.
17:17 of 1st period - Shot by Tomas Nosek.
17:17 of 1st period - Shot Misses the Net.
17:19 of 1st period - Shot by Tyler Angle.
17:19 of 1st period - Stopped by Cam Talbot with a rebound.
17:21 of 1st period - Shot by Ben Chiarot.
17:21 of 1st period - Shot Misses the Net.
17:23 of 1st period - Shot by Tyler Angle.
17:23 of 1st period - Stopped by Cam Talbot with a rebound.
17:42 of 1st period - Minor Penalty to Vladislav Gavrikov for High sticking.
17:43 of 1st period - Jack Eichel wins face-off versus Tyler Bertuzzi in DALLAS Stars zone.
17:44 of 1st period - Shot by Matt Duchene.
17:44 of 1st period - Goal by Matt Duchene - VANCOUVER Canucks : 2 - DALLAS Stars : 0.
17:45 of 1st period - Dylan Cozens wins face-off versus Jack Eichel in neutral zone.
17:55 of 1st period - Tyler Bertuzzi is hit by Travis Hamonic and loses puck.
18:55 of 1st period - Shot by Joel Eriksson EK.
18:55 of 1st period - Goal by Joel Eriksson EK - VANCOUVER Canucks : 3 - DALLAS Stars : 0.
18:56 of 1st period - William Karlsson wins face-off versus Michael Rasmussen in neutral zone.
19:07 of 1st period - Shot by Johan Larsson.
19:07 of 1st period - Stopped by Philipp Grubauer without a rebound.
19:08 of 1st period - Casey Mittelstadt wins face-off versus Tomas Hertl in VANCOUVER Canucks zone.
19:08 of 1st period - Ryan Dzingel is hit by Tomas Hertl and loses puck.
19:20 of 1st period - Joel Eriksson EK is hit by Neal Pionk and loses puck.
Goals for this period are 3 for VANCOUVER Canucks vs 0 for DALLAS Stars .
Shots for this period are 16 for VANCOUVER Canucks vs 7 for DALLAS Stars .

2nd period


0:01 of 2nd period - Dylan Cozens wins face-off versus Jack Eichel in neutral zone.
0:10 of 2nd period - Travis Hamonic is hit by Tyler Bertuzzi and loses puck.
1:21 of 2nd period - Off-side.
1:22 of 2nd period - Michael Rasmussen wins face-off versus Morgan Frost in neutral zone.
1:27 of 2nd period - Tanner Jeannot is hit by Devin Shore and loses puck.
1:33 of 2nd period - Icing by Mathias Norlinder.
1:34 of 2nd period - Casey Mittelstadt wins face-off versus Morgan Frost in DALLAS Stars zone.
1:34 of 2nd period - Minor Penalty to Mathias Norlinder for Tripping.
1:35 of 2nd period - Tyler Bertuzzi wins face-off versus Casey Mittelstadt in DALLAS Stars zone.
1:47 of 2nd period - Shot by Joel Eriksson EK.
1:47 of 2nd period - Stopped by Cam Talbot without a rebound.
1:48 of 2nd period - Tyler Bertuzzi wins face-off versus Casey Mittelstadt in DALLAS Stars zone.
3:00 of 2nd period - Shot by Jack Eichel.
3:00 of 2nd period - Goal by Jack Eichel - VANCOUVER Canucks : 4 - DALLAS Stars : 0.
3:00 of 2nd period - Joonas Korpisalo enters game.
3:01 of 2nd period - William Karlsson wins face-off versus Michael Rasmussen in neutral zone.
3:11 of 2nd period - Icing by Mattias Ekholm.
3:12 of 2nd period - Morgan Frost wins face-off versus Michael Rasmussen in VANCOUVER Canucks zone.
3:23 of 2nd period - Shot by Devin Shore.
3:23 of 2nd period - Shot Blocked by Vladislav Gavrikov.
3:37 of 2nd period - Shot by Janne Kuokkanen.
3:37 of 2nd period - Shot Misses the Net.
4:14 of 2nd period - Off-side.
4:15 of 2nd period - Dylan Cozens wins face-off versus Joel Eriksson EK in neutral zone.
4:17 of 2nd period - Off-side.
4:18 of 2nd period - Jack Eichel wins face-off versus Dylan Cozens in neutral zone.
4:50 of 2nd period - Icing by Mikhail Sergachev.
4:51 of 2nd period - Dylan Cozens wins face-off versus Joel Eriksson EK in DALLAS Stars zone.
4:53 of 2nd period - Icing by Tyler Bertuzzi.
4:54 of 2nd period - Casey Mittelstadt wins face-off versus Dylan Cozens in DALLAS Stars zone.
4:55 of 2nd period - Shot by Joel Eriksson EK.
4:55 of 2nd period - Deflect By Ryan Dzingel.
4:55 of 2nd period - Stopped by Joonas Korpisalo without a rebound.
4:56 of 2nd period - Tomas Hertl wins face-off versus Casey Mittelstadt in DALLAS Stars zone.
5:23 of 2nd period - Shot by Ryan Dzingel.
5:23 of 2nd period - Deflect By Joel Eriksson EK.
5:23 of 2nd period - Shot Blocked by Nick Leddy.
5:48 of 2nd period - Off-side.
5:49 of 2nd period - Dylan Cozens wins face-off versus Jack Eichel in neutral zone.
5:49 of 2nd period - Dylan Cozens is hit by Vladimir Tarasenko.
5:59 of 2nd period - Shot by Sebastien Aho.
5:59 of 2nd period - Stopped by Philipp Grubauer without a rebound.
6:00 of 2nd period - Tyler Angle wins face-off versus Sebastien Aho in VANCOUVER Canucks zone.
6:00 of 2nd period - Tyler Angle is hit by Tyler Bertuzzi.
6:25 of 2nd period - Dylan Cozens is hit by Ryan Pulock.
6:28 of 2nd period - Minor Penalty to Ben Chiarot for Goalie Interference.
6:29 of 2nd period - Tomas Hertl wins face-off versus Tomas Nosek in VANCOUVER Canucks zone.
7:54 of 2nd period - Shot by Dylan Cozens.
7:54 of 2nd period - Deflect By Sebastien Aho.
7:54 of 2nd period - Shot Misses the Net.
8:02 of 2nd period - Shot by Darnell Nurse.
8:02 of 2nd period - Shot Misses the Net.
8:14 of 2nd period - Shot by Nick Leddy.
8:14 of 2nd period - Stopped by Philipp Grubauer without a rebound.
8:15 of 2nd period - Vladimir Tarasenko wins face-off versus Tomas Hertl in VANCOUVER Canucks zone.
8:15 of 2nd period - Vladimir Tarasenko is hit by Kevin Hayes.
8:27 of 2nd period - Shot by Nick Leddy.
8:27 of 2nd period - Shot Blocked by Ryan Pulock.
8:36 of 2nd period - Shot by Devin Shore.
8:36 of 2nd period - Shot Misses the Net.
8:38 of 2nd period - Shot by Mattias Ekholm.
8:38 of 2nd period - Shot Misses the Net.
8:46 of 2nd period - Shot by William Karlsson.
8:46 of 2nd period - Deflect By Anthony Beauvillier.
8:46 of 2nd period - Shot Blocked by Mattias Ekholm.
9:13 of 2nd period - Icing by Vladislav Gavrikov.
9:14 of 2nd period - William Karlsson wins face-off versus Jack Eichel in DALLAS Stars zone.
9:21 of 2nd period - Matt Duchene is hit by Johan Larsson and loses puck.
9:45 of 2nd period - Icing by Mikhail Sergachev.
9:46 of 2nd period - Casey Mittelstadt wins face-off versus Dylan Cozens in DALLAS Stars zone.
9:49 of 2nd period - Shot by Joel Eriksson EK.
9:49 of 2nd period - Stopped by Joonas Korpisalo without a rebound.
9:50 of 2nd period - Tomas Hertl wins face-off versus Casey Mittelstadt in DALLAS Stars zone.
10:22 of 2nd period - Mikhail Sergachev is hit by Joel Eriksson EK.
11:04 of 2nd period - Icing by Matt Duchene.
11:05 of 2nd period - Jack Eichel wins face-off versus William Karlsson in VANCOUVER Canucks zone.
11:47 of 2nd period - Jack Eichel is hit by Johan Larsson.
11:48 of 2nd period - Off-side.
11:49 of 2nd period - Dylan Cozens wins face-off versus Michael Rasmussen in neutral zone.
12:00 of 2nd period - Shot by Dylan Cozens.
12:00 of 2nd period - Shot Misses the Net.
12:02 of 2nd period - Shot by Darnell Nurse.
12:02 of 2nd period - Deflect By Sebastien Aho.
12:02 of 2nd period - Stopped by Philipp Grubauer with a rebound.
12:04 of 2nd period - Shot by Dylan Cozens.
12:04 of 2nd period - Shot Blocked by Tobias Bjornfot.
13:09 of 2nd period - Shot by Kevin Hayes.
13:09 of 2nd period - Stopped by Philipp Grubauer without a rebound.
13:10 of 2nd period - Jack Eichel wins face-off versus William Karlsson in VANCOUVER Canucks zone.
13:15 of 2nd period - Shot by William Karlsson.
13:15 of 2nd period - Shot Misses the Net.
13:17 of 2nd period - Shot by William Karlsson.
13:17 of 2nd period - Shot Blocked by Nate Schmidt.
13:19 of 2nd period - Shot by Anthony Beauvillier.
13:19 of 2nd period - Shot Hit the Post.
13:45 of 2nd period - Shot by William Karlsson.
13:45 of 2nd period - Shot Misses the Net.
13:52 of 2nd period - Icing by Nate Schmidt.
13:53 of 2nd period - Jack Eichel wins face-off versus Dylan Cozens in VANCOUVER Canucks zone.
14:00 of 2nd period - Shot by Mikhail Sergachev.
14:00 of 2nd period - Stopped by Philipp Grubauer without a rebound.
14:01 of 2nd period - Casey Mittelstadt wins face-off versus Dylan Cozens in VANCOUVER Canucks zone.
15:49 of 2nd period - Shot by Matt Duchene.
15:49 of 2nd period - Shot Misses the Net.
15:51 of 2nd period - Shot by Jack Eichel.
15:51 of 2nd period - Stopped by Joonas Korpisalo without a rebound.
15:52 of 2nd period - Morgan Frost wins face-off versus Michael Rasmussen in DALLAS Stars zone.
15:52 of 2nd period - Morgan Frost is hit by Michael Rasmussen.
16:04 of 2nd period - Shot by Nate Schmidt.
16:04 of 2nd period - Stopped by Joonas Korpisalo without a rebound.
16:05 of 2nd period - Johan Larsson wins face-off versus Jack Eichel in DALLAS Stars zone.
16:27 of 2nd period - Ryan Pulock is hit by William Karlsson and loses puck.
17:09 of 2nd period - Shot by Ryan Dzingel.
17:09 of 2nd period - Stopped by Joonas Korpisalo without a rebound.
17:10 of 2nd period - Devin Shore wins face-off versus Dylan Cozens in DALLAS Stars zone.
17:27 of 2nd period - Shot by Sebastien Aho.
17:27 of 2nd period - Stopped by Philipp Grubauer with a rebound.
17:32 of 2nd period - Icing by Travis Hamonic.
17:33 of 2nd period - Tomas Hertl wins face-off versus Michael Rasmussen in VANCOUVER Canucks zone.
18:02 of 2nd period - Shot by Reilly Smith.
18:02 of 2nd period - Shot Misses the Net.
18:04 of 2nd period - Shot by Vladislav Gavrikov.
18:04 of 2nd period - Stopped by Philipp Grubauer without a rebound.
18:05 of 2nd period - Dylan Cozens wins face-off versus Jack Eichel in VANCOUVER Canucks zone.
18:05 of 2nd period - Sebastien Aho is hit by Ryan Pulock and loses puck.
18:21 of 2nd period - Off-side.
18:22 of 2nd period - Casey Mittelstadt wins face-off versus Morgan Frost in neutral zone.
18:50 of 2nd period - Shot by Joel Eriksson EK.
18:50 of 2nd period - Shot Misses the Net.
18:52 of 2nd period - Shot by Joel Eriksson EK.
18:52 of 2nd period - Shot Misses the Net.
18:54 of 2nd period - Shot by Mattias Ekholm.
18:54 of 2nd period - Stopped by Joonas Korpisalo without a rebound.
18:55 of 2nd period - Dylan Cozens wins face-off versus Jack Eichel in DALLAS Stars zone.
19:14 of 2nd period - Shot by Jack Eichel.
19:14 of 2nd period - Stopped by Joonas Korpisalo without a rebound.
19:15 of 2nd period - Tyler Angle wins face-off versus Tomas Hertl in DALLAS Stars zone.
19:37 of 2nd period - Off-side.
19:38 of 2nd period - Jack Eichel wins face-off versus Dylan Cozens in neutral zone.
Goals for this period are 1 for VANCOUVER Canucks vs 0 for DALLAS Stars .
Shots for this period are 9 for VANCOUVER Canucks vs 7 for DALLAS Stars .

3rd period


0:01 of 3rd period - Sebastien Aho wins face-off versus Jack Eichel in neutral zone.
0:17 of 3rd period - Shot by Jack Eichel.
0:17 of 3rd period - Deflect By Vladimir Tarasenko.
0:17 of 3rd period - Stopped by Joonas Korpisalo without a rebound.
0:18 of 3rd period - Casey Mittelstadt wins face-off versus Tomas Hertl in DALLAS Stars zone.
0:20 of 3rd period - Joel Eriksson EK is hit by Nick Leddy.
0:24 of 3rd period - Shot by Casey Mittelstadt.
0:24 of 3rd period - Deflect By Joel Eriksson EK.
0:24 of 3rd period - Stopped by Joonas Korpisalo with a rebound.
0:26 of 3rd period - Shot by Ryan Dzingel.
0:26 of 3rd period - Shot Misses the Net.
0:28 of 3rd period - Shot by Joel Eriksson EK.
0:28 of 3rd period - Shot Misses the Net.
0:44 of 3rd period - Shot by Ryan Dzingel.
0:44 of 3rd period - Shot Misses the Net.
0:53 of 3rd period - Joel Eriksson EK is hit by Neal Pionk and loses puck.
1:13 of 3rd period - Kevin Hayes and Jack Eichel fight to a draw.
1:13 of 3rd period - Penalty to Kevin Hayes for Fighting.
1:13 of 3rd period - Penalty to Jack Eichel for Fighting.
1:14 of 3rd period - Janne Kuokkanen wins face-off versus Dylan Cozens in neutral zone.
1:20 of 3rd period - Shot by Matt Duchene.
1:20 of 3rd period - Stopped by Joonas Korpisalo without a rebound.
1:21 of 3rd period - Vladimir Tarasenko wins face-off versus Dylan Cozens in DALLAS Stars zone.
1:21 of 3rd period - Nate Schmidt is hit by Darnell Nurse and loses puck.
1:34 of 3rd period - Shot by Dylan Cozens.
1:34 of 3rd period - Shot Blocked by Travis Hamonic.
2:11 of 3rd period - Icing by Mikhail Sergachev.
2:12 of 3rd period - Casey Mittelstadt wins face-off versus Dylan Cozens in DALLAS Stars zone.
3:07 of 3rd period - Off-side.
3:08 of 3rd period - Janne Kuokkanen wins face-off versus Morgan Frost in neutral zone.
3:40 of 3rd period - Icing by Mathias Norlinder.
3:41 of 3rd period - Tyler Angle wins face-off versus Morgan Frost in DALLAS Stars zone.
3:55 of 3rd period - Morgan Frost is hit by Tyler Angle and loses puck.
4:10 of 3rd period - Shot by Tomas Nosek.
4:10 of 3rd period - Shot Misses the Net.
5:18 of 3rd period - Icing by Travis Hamonic.
5:19 of 3rd period - Tomas Hertl wins face-off versus Janne Kuokkanen in VANCOUVER Canucks zone.
5:24 of 3rd period - Shot by William Karlsson.
5:24 of 3rd period - Stopped by Philipp Grubauer with a rebound.
6:13 of 3rd period - Shot by Ryan Pulock.
6:13 of 3rd period - Shot Misses the Net.
6:33 of 3rd period - Icing by Neal Pionk.
6:34 of 3rd period - Tyler Angle wins face-off versus Tomas Hertl in DALLAS Stars zone.
7:03 of 3rd period - Shot by Mikhail Sergachev.
7:03 of 3rd period - Shot Misses the Net.
7:16 of 3rd period - Shot by Sebastien Aho.
7:16 of 3rd period - Shot Blocked by Mattias Ekholm.
7:24 of 3rd period - Shot by Tyler Bertuzzi.
7:24 of 3rd period - Stopped by Philipp Grubauer without a rebound.
7:25 of 3rd period - Jack Eichel wins face-off versus Morgan Frost in VANCOUVER Canucks zone.
7:25 of 3rd period - Jack Eichel is hit by Tanner Jeannot.
8:22 of 3rd period - Mathias Norlinder is hit by Casey Mittelstadt.
8:26 of 3rd period - Shot by Casey Mittelstadt.
8:26 of 3rd period - Shot Misses the Net.
9:32 of 3rd period - Shot by Janne Kuokkanen.
9:32 of 3rd period - Shot Misses the Net.
9:36 of 3rd period - Shot by Janne Kuokkanen.
9:36 of 3rd period - Stopped by Joonas Korpisalo without a rebound.
9:37 of 3rd period - Tyler Bertuzzi wins face-off versus Tyler Angle in DALLAS Stars zone.
9:37 of 3rd period - Tyler Bertuzzi is hit by Tomas Nosek.
9:52 of 3rd period - Shot by Sebastien Aho.
9:52 of 3rd period - Stopped by Philipp Grubauer without a rebound.
9:53 of 3rd period - Jack Eichel wins face-off versus William Karlsson in VANCOUVER Canucks zone.
9:53 of 3rd period - Matt Duchene is hit by William Karlsson and loses puck.
10:17 of 3rd period - William Karlsson is hit by Matt Duchene and loses puck.
11:04 of 3rd period - Shot by Joel Eriksson EK.
11:04 of 3rd period - Stopped by Joonas Korpisalo without a rebound.
11:05 of 3rd period - Michael Rasmussen wins face-off versus Dylan Cozens in DALLAS Stars zone.
11:06 of 3rd period - Shot by Janne Kuokkanen.
11:06 of 3rd period - Deflect By Devin Shore.
11:06 of 3rd period - Stopped by Joonas Korpisalo without a rebound.
11:07 of 3rd period - Dylan Cozens wins face-off versus Michael Rasmussen in DALLAS Stars zone.
11:20 of 3rd period - Icing by Mikhail Sergachev.
11:21 of 3rd period - Casey Mittelstadt wins face-off versus Dylan Cozens in DALLAS Stars zone.
11:28 of 3rd period - Shot by Ryan Dzingel.
11:28 of 3rd period - Shot Misses the Net.
11:38 of 3rd period - Shot by Sebastien Aho.
11:38 of 3rd period - Shot Misses the Net.
11:40 of 3rd period - Shot by Darnell Nurse.
11:40 of 3rd period - Shot Misses the Net.
12:01 of 3rd period - Sebastien Aho is hit by Mattias Ekholm and loses puck.
12:13 of 3rd period - Ryan Dzingel is hit by Tomas Hertl and loses puck.
12:26 of 3rd period - Shot by Neal Pionk.
12:26 of 3rd period - Shot Misses the Net.
12:28 of 3rd period - Shot by Kevin Hayes.
12:28 of 3rd period - Shot Blocked by Tobias Bjornfot.
12:30 of 3rd period - Shot by Kevin Hayes.
12:30 of 3rd period - Shot Blocked by Mattias Ekholm.
12:32 of 3rd period - Shot by Tomas Hertl.
12:32 of 3rd period - Stopped by Philipp Grubauer with a rebound.
13:05 of 3rd period - Icing by Anthony Beauvillier.
13:06 of 3rd period - Jack Eichel wins face-off versus William Karlsson in DALLAS Stars zone.
13:25 of 3rd period - Icing by Vladislav Gavrikov.
13:26 of 3rd period - William Karlsson wins face-off versus Michael Rasmussen in DALLAS Stars zone.
13:47 of 3rd period - Minor Penalty to Anthony Beauvillier for Cross-checking.
13:48 of 3rd period - Jack Eichel wins face-off versus Tyler Bertuzzi in DALLAS Stars zone.
13:52 of 3rd period - Matt Duchene is hit by Darnell Nurse and loses puck.
15:09 of 3rd period - Icing by Casey Mittelstadt.
15:10 of 3rd period - Casey Mittelstadt wins face-off versus Tyler Bertuzzi in VANCOUVER Canucks zone.
15:30 of 3rd period - Nate Schmidt is hit by Sebastien Aho and loses puck.
15:40 of 3rd period - Icing by Travis Hamonic.
15:41 of 3rd period - Jack Eichel wins face-off versus Tyler Bertuzzi in VANCOUVER Canucks zone.
15:41 of 3rd period - Jack Eichel is hit by Tyler Bertuzzi.
15:50 of 3rd period - Icing by Vladislav Gavrikov.
15:51 of 3rd period - Michael Rasmussen wins face-off versus William Karlsson in DALLAS Stars zone.
15:57 of 3rd period - Icing by Mathias Norlinder.
15:58 of 3rd period - Michael Rasmussen wins face-off versus Anthony Beauvillier in DALLAS Stars zone.
15:59 of 3rd period - Shot by Devin Shore.
15:59 of 3rd period - Shot Misses the Net.
16:17 of 3rd period - Icing by William Karlsson.
16:18 of 3rd period - William Karlsson wins face-off versus Jack Eichel in DALLAS Stars zone.
16:18 of 3rd period - Mathias Norlinder is hit by Matt Duchene and loses puck.
16:24 of 3rd period - Off-side.
16:25 of 3rd period - Dylan Cozens wins face-off versus Jack Eichel in neutral zone.
16:54 of 3rd period - Shot by Matt Duchene.
16:54 of 3rd period - Stopped by Joonas Korpisalo without a rebound.
16:55 of 3rd period - Tomas Hertl wins face-off versus Casey Mittelstadt in DALLAS Stars zone.
17:51 of 3rd period - Off-side.
17:52 of 3rd period - Jack Eichel wins face-off versus Dylan Cozens in neutral zone.
18:07 of 3rd period - Shot by Matt Duchene.
18:07 of 3rd period - Stopped by Joonas Korpisalo without a rebound.
18:08 of 3rd period - William Karlsson wins face-off versus Janne Kuokkanen in DALLAS Stars zone.
18:28 of 3rd period - Shot by Johan Larsson.
18:28 of 3rd period - Shot Blocked by Mattias Ekholm.
18:30 of 3rd period - Shot by Johan Larsson.
18:30 of 3rd period - Stopped by Philipp Grubauer without a rebound.
18:31 of 3rd period - Dylan Cozens wins face-off versus Jack Eichel in VANCOUVER Canucks zone.
18:31 of 3rd period - Sebastien Aho is hit by Travis Hamonic and loses puck.
18:54 of 3rd period - Shot by Vladimir Tarasenko.
18:54 of 3rd period - Stopped by Joonas Korpisalo without a rebound.
18:55 of 3rd period - Casey Mittelstadt wins face-off versus Tomas Hertl in DALLAS Stars zone.
19:01 of 3rd period - Casey Mittelstadt is hit by Neal Pionk and loses puck.
19:08 of 3rd period - Shot by Reilly Smith.
19:08 of 3rd period - Stopped by Philipp Grubauer without a rebound.
19:09 of 3rd period - Dylan Cozens wins face-off versus Jack Eichel in VANCOUVER Canucks zone.
19:09 of 3rd period - Tyler Bertuzzi is hit by Travis Hamonic and loses puck.
19:20 of 3rd period - Shot by Jack Eichel.
19:20 of 3rd period - Stopped by Joonas Korpisalo without a rebound.
19:21 of 3rd period - Reilly Smith wins face-off versus Casey Mittelstadt in DALLAS Stars zone.
19:21 of 3rd period - Reilly Smith is hit by Joel Eriksson EK.
19:32 of 3rd period - Icing by Ryan Dzingel.
19:33 of 3rd period - Casey Mittelstadt wins face-off versus Dylan Cozens in VANCOUVER Canucks zone.
19:33 of 3rd period - Casey Mittelstadt is hit by Sebastien Aho.
19:48 of 3rd period - Casey Mittelstadt is hit by Neal Pionk and loses puck.
19:50 of 3rd period - Minor Penalty to Neal Pionk for Hooking.
19:51 of 3rd period - Tyler Bertuzzi wins face-off versus Jack Eichel in DALLAS Stars zone.
Goals for this period are 0 for VANCOUVER Canucks vs 0 for DALLAS Stars .
Shots for this period are 10 for VANCOUVER Canucks vs 6 for DALLAS Stars .